 Dungeon Crawl Stone Soup version 0.24.0-123-gd5b16e6ec5 (webtiles) character file.

Game seed: 1186325439889719321, levelgen mode: deterministic

7206 Elellon the Cleaver (level 10, -4/88 HPs)
             Began as a Minotaur Fighter on Jan 4, 2020.
             Was an Elder of Okawaru.
             Slain by a cacodemon (8 damage)
             ... on level 1 of the Abyss.
             The game lasted 00:25:02 (8183 turns).

Elellon the Cleaver (Minotaur Fighter)              Turns: 8183, Time: 00:25:04

Health: -4/88      AC: 19    Str: 25    XL:     10   Next: 87%
Magic:  7/9        EV:  6    Int:  5    God:    Okawaru [****..]
Gold:   568        SH:  0    Dex:  9    Spells: 9/9 levels left

rFire    x . .     SeeInvis .   a - +0 war axe
rCold    . . .     Gourm    .   c - +0 shield
rNeg     + + +     Faith    .   l - +0 plate armour
rPois    +         Spirit   .   (helmet restricted)
rElec    +         Reflect  +   J - +2 cloak
rCorr    +         Harm     .   K - +1 pair of gloves of Xoulor {rElec rF- rN+++ rCorr}
MR       .....                  (no boots)
Stlth    ..........             i - +2 amulet of reflection
HPRegen  0.00/turn              m - ring of poison resistance
MPRegen  0.11/turn              H - +2 ring of slaying

@: confused, marked, non-regenerating, diseased, slowed, very slow
A: retaliatory headbutt, horns 2
a: Heroism, Renounce Religion


You were on level 1 of the Abyss.
You worshipped Okawaru.
Okawaru was greatly pleased with you.
You were not hungry.

You visited 2 branches of the dungeon, and saw 10 of its levels.
You visited the Abyss 1 time.
You also visited: Sewer and Ossuary.

You collected 568 gold pieces.

Inventory:

Hand Weapons
 a - a +0 war axe (weapon)
Armour
 c - a +0 shield (worn)
 k - a +0 pair of gloves
 l - a +0 plate armour (worn)
 J - a +2 cloak (worn)
 K - the +1 pair of gloves of Xoulor (worn) {rElec rF- rN+++ rCorr}
   (You found it on level 8 of the Dungeon)

   It makes you vulnerable to fire.
   It insulates you from electricity.
   It renders you almost immune to negative energy.
   It provides partial protection from all sources of acid and corrosion.
 O - a +0 chain mail
Jewellery
 i - a +2 amulet of reflection (around neck)
 m - a ring of poison resistance (left hand)
 E - an uncursed ring of positive energy {unknown}
 H - a +2 ring of slaying (right hand)
Wands
 b - a wand of digging (6)
 r - a wand of flame (40)
 B - a wand of paralysis (3)
 F - a wand of enslavement (6)
 I - a wand of scattershot (7)
 N - a wand of polymorph (10)
Scrolls
 e - a scroll of enchant weapon {unknown}
 g - 3 scrolls of magic mapping {unknown}
 h - 8 scrolls of remove curse
 n - 4 scrolls of fear {unknown}
 q - 3 scrolls of teleportation {unknown}
 s - 2 scrolls of blinking {unknown}
 v - 7 scrolls of identify
 y - a scroll of random uselessness {unknown}
 A - 2 scrolls of amnesia {unknown}
 C - a scroll of fog {unknown}
 G - a scroll of enchant armour {unknown}
 L - 4 scrolls of immolation {unknown}
Potions
 d - 4 potions of might
 j - 4 potions of degeneration {unknown}
 o - 4 potions of heal wounds
 p - 3 potions of cancellation {unknown}
 t - 4 potions of agility {unknown}
 u - 4 potions of curing {unknown}
 w - 3 potions of magic {unknown}
 x - 3 potions of brilliance {unknown}
 z - 2 potions of haste {unknown}
 D - a potion of invisibility {unknown}
 M - a potion of flight {unknown}
Comestibles
 f - 25 rations


   Skills:
 + Level 7.7 Fighting
 * Level 14.5 Axes
 + Level 8.3 Armour
 - Level 1.7 Dodging
 + Level 0.9 Stealth
 + Level 8.9 Shields


You had 9 spell levels left.
You didn't know any spells.
Your spell library contained the following spells:

 Spells                   Type           Power        Failure   Level  Hunger
 Sting                    Conj/Pois      #...         100%        1    ##.....
 Poisonous Vapours        Pois/Air       #.....       100%        2    ###....
 Mephitic Cloud           Conj/Pois/Air  #.......     100%        3    ####...
 Olgreb's Toxic Radiance  Pois           #.......     100%        4    #####..
 Venom Bolt               Conj/Pois      #.........   100%        5    ######.


Dungeon Overview and Level Annotations

Branches:
Dungeon (9/15)             Temple (1/1) D:5           Sewer (visited)
Ossuary (visited)
   Lair: D:8-11         Orc: D:9-12

Altars:
Ashenzari
Cheibriados
Dithmenos
Elyvilon
Fedhas
Gozag
Hepliaklqana
Kikubaaqudgha
Makhleb
Nemelex Xobeh
Okawaru
Ru
Sif Muna
Trog
Uskayaw
Vehumet
Wu Jian
Xom
Yredelemnul
Zin
The Shining One

Shops:
D:4 }=*!%   D:7 (

Annotations:
D:9 Erolcha


Innate Abilities, Weirdness & Mutations

You reflexively headbutt those who attack you in melee.
You have a pair of horns on your head.


Message History

You slash the wight!
The cacodemon hits you but does no damage.
The cacodemon barely misses you.
The orange demon stings you but does no damage.
The lich touches you.
* * * LOW HITPOINT WARNING * * *
You're too confused to move!
You feel like a meek peon again. The wight barely misses you.
The cacodemon barely misses you.
The cacodemon hits you but does no damage.
The orange demon stings you but does no damage.
The lich touches you.
* * * LOW HITPOINT WARNING * * *
The hell knight gestures wildly while chanting.
The hell knight seems to speed up.
A hell knight comes into view.
It is wielding a +0 great sword of flaming.
The orange demon barely misses you.
Something touches you but does no damage.
The cacodemon hits you!
You die...

. . #
..#.....#.. .
#. ##....p. . .
.## # ........#
.. # #.#. .#'
#.. # ยง.#
#.#.#.## .# #.
. .. .3.#### #
. ..##.
#.#4.#... ##..
##.5.###)zX/.##
p.p.xh.@24#.##
.
..##..#####...#
# # # ..$ #
.... 24## #


You could see a cacodemon, 2 hell knights, an orange demon, an ancient zyme, a
thrashing horror, a rust devil, a sixfirhy, a raiju, an iron imp and a wight.

Vanquished Creatures
  Harold (D:8)
  Erica (D:8)
  Pikel (D:5)
  A worldbinder (Abyss:1)
  A smoke demon (Abyss:1)
  A komodo dragon (D:8)
  3 raiju (Abyss:1)
  Grum (D:8)
  Menkaure (D:4)
  A water moccasin (D:3)
  An ice beast (D:7)
  2 orc warriors
  A slave (D:5)
  A sky beast (D:7)
  4 ogres
  A phantom (D:4)
  3 wolves (D:8)
  A necrophage (D:6)
  A centaur (D:7)
  2 crocodiles
  2 elf zombies (Ossuary)
  A wyvern zombie (D:8)
  4 bullfrogs
  2 scorpions
  4 wights (Abyss:1)
  3 howler monkeys (D:8)
  A vampire bat (D:4)
  A crimson imp (D:8)
  2 centaur zombies (Ossuary)
  3 quasits
  3 hounds (D:7)
  3 orc wizards
  Crazy Yiuf (D:7)
  A jelly (D:3)
  5 orc priests
  2 bullfrog skeletons
  A gnoll shaman (D:6)
  Jessica (D:2)
  5 worker ants
  3 ogre zombies (Ossuary)
  2 hound skeletons (D:7)
  7 mummies (Ossuary)
  14 gnolls
  6 adders
  2 river rats (D:5)
  2 shadow imps
  2 adder skeletons
  5 adder zombies (Ossuary)
  3 worms
  5 leopard geckos
  19 orcs
  3 bat skeletons (D:4)
  2 bat zombies (D:4)
  11 giant cockroaches
  11 goblins
  6 hobgoblins
  10 jackals
  6 quokkas
  3 ball pythons
  11 bats
  7 frilled lizards
  4 goblin zombies (Ossuary)
  5 hobgoblin zombies (Ossuary)
  A jackal zombie (D:8)
  15 kobolds
  3 kobold zombies (Ossuary)
  A leopard gecko skeleton (D:6)
  5 quokka zombies (Ossuary)
  14 rats
  2 rat zombies
264 creatures vanquished.

Vanquished Creatures (others)
  An orc wizard (D:5)
  A worker ant (D:5)
  A frilled lizard (D:5)
3 creatures vanquished.

Grand Total: 267 creatures vanquished

Notes
Turn   | Place    | Note
-------+----------+-------------------------------------------
     0 | D:1      | Elellon the Minotaur Fighter began the quest for the Orb.
     0 | D:1      | Reached XP level 1. HP: 19/19 MP: 0/0
   389 | D:1      | Reached XP level 2. HP: 27/27 MP: 1/1
   661 | D:1      | Reached XP level 3. HP: 33/33 MP: 2/2
   930 | D:2      | Noticed Jessica
   935 | D:2      | Killed Jessica
   935 | D:2      | Reached skill level 3 in Axes
   935 | D:2      | Reached skill level 1 in Dodging
  1042 | D:2      | Reached XP level 4. HP: 36/40 MP: 3/3
  1167 | D:2      | Found a faded altar of an unknown god.
  1477 | D:3      | Reached skill level 4 in Axes
  1551 | D:3      | Reached XP level 5. HP: 40/47 MP: 4/4
  1553 | D:3      | Noticed a water moccasin
  1563 | D:3      | Killed a water moccasin
  1563 | D:3      | Reached skill level 5 in Axes
  1836 | D:3      | Reached XP level 6. HP: 45/53 MP: 3/5
  2396 | D:3      | Reached skill level 6 in Axes
  2949 | D:4      | Noticed Menkaure
  3027 | D:4      | Found Gaemux's Jewellery Emporium.
  3029 | D:4      | Found Yczizav's Distillery.
  3081 | D:4      | Found Hochig's Assorted Antiques.
  3195 | D:4      | Reached skill level 5 in Shields
  3195 | D:4      | Reached XP level 7. HP: 19/60 MP: 2/6
  3487 | D:4      | Killed Menkaure
  3487 | D:4      | Reached skill level 7 in Axes
  3487 | D:4      | Reached skill level 5 in Armour
  3684 | D:4      | Found an ancient bone altar of Kikubaaqudgha.
  3715 | D:4      | Found Teilasuh's Gadget Boutique.
  3811 | D:4      | Reached skill level 5 in Fighting
  3814 | D:4      | Found a white marble altar of Elyvilon.
  3972 | D:4      | Reached skill level 8 in Axes
  4127 | D:4      | Found Ted Musi's Food Shop.
  4164 | D:5      | Entered Level 5 of the Dungeon
  4225 | D:5      | Noticed Pikel
  4243 | D:5      | Killed Pikel
  4243 | D:5      | Reached skill level 9 in Axes
  4243 | D:5      | Reached XP level 8. HP: 55/69 MP: 7/7
  4274 | D:5      | Reached skill level 10 in Axes
  4284 | D:5      | Found a shadowy altar of Dithmenos.
  4355 | D:5      | Found a staircase to the Ecumenical Temple.
  4364 | Temple   | Entered the Ecumenical Temple
  4369 | Temple   | Became a worshipper of Warmaster Okawaru
  4392 | D:5      | Found a shimmering altar of Xom.
  4452 | D:5      | Found a glowing drain.
  4467 | Sewer    | Entered a sewer
  4942 | D:6      | Found a blossoming altar of Fedhas.
  5005 | D:6      | Found an ornate altar of the Wu Jian Council.
  5256 | D:6      | Reached * piety under Okawaru
  5256 | D:6      | Reached skill level 11 in Axes
  5256 | D:6      | Reached XP level 9. HP: 47/75 MP: 8/8
  5673 | D:6      | Found a sacrificial altar of Ru.
  5804 | D:7      | Found Teolod's Antique Weapon Boutique.
  6038 | D:7      | Found a glowing silver altar of Zin.
  6151 | D:7      | Found a bloodstained altar of Trog.
  6270 | D:7      | Found a runed translucent door.
  6271 | D:7      | Noticed Crazy Yiuf
  6341 | D:7      | Killed Crazy Yiuf
  6421 | D:7      | Found a sparkling altar of Nemelex Xobeh.
  6422 | D:7      | Found an opulent altar of Gozag.
  6498 | D:8      | Noticed Erica
  6501 | D:8      | Paralysed by Erica for 7 turns
  6522 | D:8      | Killed Erica
  6522 | D:8      | Reached ** piety under Okawaru
  6522 | D:8      | Reached skill level 12 in Axes
  6750 | D:8      | Got an ancient ring mail
  6760 | D:8      | Identified the +1 ring mail "Piqefen" {Str+2 Dex+3} (You
                  | found it on level 8 of the Dungeon)
  6781 | D:8      | Got a pair of translucent gloves
  6791 | D:8      | Identified the +1 pair of gloves of Xoulor {rElec rF- rN+++
                  | rCorr} (You found it on level 8 of the Dungeon)
  6915 | D:8      | Noticed a komodo dragon
  6916 | D:8      | Noticed Harold
  6931 | D:8      | Killed a komodo dragon
  6936 | D:8      | Killed Harold
  6936 | D:8      | Reached *** piety under Okawaru
  6936 | D:8      | Reached skill level 13 in Axes
  6936 | D:8      | Reached XP level 10. HP: 62/84 MP: 9/9
  7018 | D:8      | Found a sand-covered staircase.
  7040 | Ossuary  | Entered an ossuary
  7528 | D:8      | Noticed Grum
  7540 | D:8      | Killed Grum
  7648 | D:8      | Reached **** piety under Okawaru
  8086 | D:9      | Noticed Erolcha
  8092 | D:9      | Cast into level 1 of the Abyss (Erolcha)
  8132 | Abyss:1  | Noticed a smoke demon
  8139 | Abyss:1  | Noticed a worldbinder
  8141 | Abyss:1  | Killed a smoke demon
  8141 | Abyss:1  | Received a gift from Okawaru
  8141 | Abyss:1  | Reached skill level 14 in Axes
  8142 | Abyss:1  | Noticed a vault sentinel
  8142 | Abyss:1  | Noticed an ironheart preserver
  8143 | Abyss:1  | Noticed a vault sentinel
  8151 | Abyss:1  | Noticed an orange demon
  8152 | Abyss:1  | Noticed a cacodemon
  8157 | Abyss:1  | Killed a worldbinder
  8167 | Abyss:1  | Noticed a lich
  8168 | Abyss:1  | Noticed an angel
  8170 | Abyss:1  | Noticed a thrashing horror
  8171 | Abyss:1  | Noticed a rust devil
  8180 | Abyss:1  | Noticed a hell knight
  8180 | Abyss:1  | Noticed a sixfirhy
  8183 | Abyss:1  | HP: 4/88 [lich (6)]
  8183 | Abyss:1  | Noticed a hell knight
  8183 | Abyss:1  | Slain by a cacodemon

Levels and vault maps discovered:
D:1:      lightli_arrival_windingriver, layout_basic, st_stairs_5,
          minmay_worlds_worst_comb
D:2:      layout_rooms, chequers_ecumenical_altar_grove, nrook_campfire,
          serial_park_tiny_1, uniq_jessica
D:3:      minmay_razor_zed, layout_basic, first_ration
D:4:      layout_rooms, elyvilon_altar_5, kennysheep_vampire_church,
          serial_shops, shop_statue, shop, nicolae_shop_overgrown_old_shop,
          shop, shop, palyth_stone_intersect, minmay_starry_boxes, uniq_menkaure
D:5:      layout_loops_ring, nicolae_dithmenos_shadow_blocks,
          minmay_temple_entry_drinking_statues, portal_sewer_entry_c,
          basic_altar, uniq_pikel
D:6:      layout_loops_corners, kennysheep_mini_moat, overflow_temple_1_default,
          nicolae_ru_the_path_less_chosen, kennysheep_generic_room_7
D:7:      layout_cave_pools, grunt_temple_overflow_opulence,
          nicolae_overflow_crystal_walls, old_standard_altar, serial_shops,
          shop, uniq_crazy_yiuf_cottage
D:8:      layout_loops_ring, enter_ossuary_3, uniq_erica, uniq_harold, uniq_grum
D:9:      layout_basic, lemuel_round_altar, minmay_variable_closet,
          hangedman_ranch [blue_anna_fruit_fields], uniq_erolcha
Temple:   minmay_freezing_vapour_temple
Abyss:1:  base:
D:3

Skill      XL: |  1  2  3  4  5  6  7  8  9 10 |
---------------+-------------------------------+-----
Fighting       | 4 5 6 7 |  7.7
Shields        | 4 5 6 8 |  8.9
Axes           | 3 4 5 6 9 11 13 14 | 14.5
Dodging        | 1 |  1.7
Armour         | 4 5 6 7 8 |  8.3
Stealth        | |  0.9

Action                   |  1- 3 |  4- 6 |  7- 9 | 10-12 || total
-------------------------+-------+-------+-------+-------++-------
Melee: War axe           |    92 |   156 |   277 |   198 ||   723
       Headbutt          |     6 |    25 |    61 |    45 ||   137
Invok: Heroism           |       |       |       |     2 ||     2
  Use: Scroll            |       |     1 |     1 |       ||     2
       Potion            |       |       |       |     1 ||     1
  Eat: Chunk             |     1 |     3 |    12 |     3 ||    19
       Ration            |       |     1 |       |     1 ||     2
Armor: Scale mail        |    47 |    73 |    23 |       ||   143
       Plate armour      |       |       |   122 |    92 ||   214
Dodge: Dodged            |    30 |    66 |    62 |    36 ||   194
Block: Shield            |    37 |   106 |   185 |    86 ||   414
       Reflection        |       |       |     4 |     1 ||     5
